AoeStats
← Happytheandy

Black Forest

509404881Analyzed
4v4 RM · 6d ago on Sep 26, 2026· 47m 2s· 8 players
Game mode
Random Map
Map size
Large (8 player)
Population
200
Speed
Normal
Resources
Standard
Victory
Conquest
Starting age
Dark Age
Ending age
Imperial Age
RankedLock teamsTeams togetherTeam positionsShared explorationLock speedFull tech treeHidden civsTurbo modeCheats
Victory
Defeat
🇹🇼 Danes · Taiwan
1877
+15
🇹🇼 Varangians · Taiwan
1869
+15
🇹🇼 Saxons · Taiwan
1835
+17
🇺🇸 Danes · United States
1638
+25
🇬🇧 Danes · United Kingdom
1919
-21
🇬🇧 Saxons · United Kingdom
1852
-18
🇬🇧 Britons · United Kingdom
1826
-17
🇿🇦 Bohemians · South Africa
1795
-16
GKT_Cloud
10:41 Feudal Age
11:33 Double-Bit Axe
14:29 Castle Age
12:13 Horse Collar
15:27 Bow Saw
21:33 Wheelbarrow
21:11 Gold Mining
23:33 Hand Cart
23:04 Loom
27:45 Imperial Age
26:10 Scale Mail Armor
26:20 Forging
27:13 Heavy Plow
27:29 Chain Mail Armor
27:09 Town Watch
26:55 Man-at-Arms
28:24 Gold Shaft Mining
28:15 Squires
28:01 Gambesons
28:02 Arson
27:38 Long Swordsman
27:53 Onager
29:07 Plate Mail Armor
28:30 Two-Handed Swordsman
29:47 Iron Casting
29:05 Stone Mining
29:42 Champion
31:01 Siege Engineers
30:31 Hamask
32:16 Conscription
33:05 Blast Furnace
31:59 Fletching
32:03 Northmen's Fury
32:26 Siege Onager
35:12 Coinage
38:29 Caravan
40:40 Banking
40:28 Bodkin Arrow
DYS.Chipmunk
8:47 Loom
12:03 Feudal Age
13:27 Double-Bit Axe
15:56 Castle Age
13:43 Horse Collar
15:16 Gold Mining
16:56 Bow Saw
16:47 Heavy Plow
23:39 Stone Mining
24:33 Wheelbarrow
29:42 Imperial Age
28:33 Fletching
28:43 Scale Mail Armor
31:13 Masonry
31:39 Chain Mail Armor
32:36 Hand Cart
32:23 Squires
31:43 Pikeman
32:55 Plate Mail Armor
31:58 Capped Ram
32:53 Arson
33:20 Forging
33:07 Halberdier
33:59 Siege Engineers
35:18 Siege Ram
35:58 Onager
37:54 Iron Casting
37:58 Northmen's Fury
39:00 Conscription
38:57 Bodkin Arrow
40:02 Blast Furnace
39:12 Siege Onager
41:50 Siege Onager
42:39 Bracer
[LuB]a61
0:46 Loom
11:03 Feudal Age
12:09 Double-Bit Axe
13:15 Town Watch
15:03 Fletching
24:37 Horse Collar
27:56 Wheelbarrow
32:02 Castle Age
33:48 Bow Saw
36:53 Hand Cart
36:52 Stone Mining
44:37 Imperial Age
41:31 Clerical Recruitment
42:33 Guard Tower
43:41 Sanctity
44:46 Ballistics
44:23 Bodkin Arrow
44:29 Padded Archer Armor
43:52 Crossbowman
44:37 Thumb Ring
44:40 Arbalester
45:27 Bracer
46:05 Block Printing
46:26 Theocracy
46:59 Illumination
47:11 Keep
46:23 Arrowslits
46:19 Treadmill Crane
47:14 Redemption
DemonSheep
6:08 Loom
8:31 Feudal Age
9:01 Double-Bit Axe
10:30 Fletching
13:22 Town Watch
21:56 Castle Age
20:00 Horse Collar
23:18 Bow Saw
24:19 Wheelbarrow
25:07 Town Patrol
25:28 Heavy Plow
33:52 Imperial Age
31:35 Bloodlines
31:50 Husbandry
32:17 Scale Barding Armor
33:20 Chain Barding Armor
34:12 Forging
34:01 Vendel Legacy
34:15 Cavalier
35:54 Plate Barding Armor
36:41 Iron Casting
36:38 Conscription
36:29 Light Cavalry
Happytheandy
2:35 Loom
11:48 Feudal Age
12:21 Double-Bit Axe
12:27 Horse Collar
15:21 Castle Age
15:24 Gold Mining
16:30 Bow Saw
20:52 Scale Barding Armor
21:55 Devotion
22:10 Light Cavalry
25:45 Loom
26:38 Wheelbarrow
28:16 Gold Shaft Mining
28:32 Hand Cart
33:04 Imperial Age
30:46 Scale Mail Armor
30:07 Pikeman
30:47 Squires
31:16 Heavy Plow
31:52 Chain Mail Armor
32:14 Forging
33:07 Halberdier
33:08 Onager
34:52 Chemistry
34:28 Plate Mail Armor
35:04 Siege Engineers
35:17 Siege Onager
36:38 Conscription
37:07 Iron Casting
36:54 Elite Varangian Guard
37:47 Northmen's Fury
39:44 Blast Furnace
39:50 Stone Mining
41:37 Masonry
42:47 Fletching
42:24 Hamask
theMole
0:38 Loom
9:11 Feudal Age
18:18 Castle Age
19:41 Horse Collar
19:49 Double-Bit Axe
21:42 Bow Saw
26:56 Wheelbarrow
28:48 Town Watch
33:17 Imperial Age
30:53 Heavy Plow
31:58 Scale Mail Armor
33:01 Chain Mail Armor
32:56 Forging
33:00 Squires
34:32 Plate Mail Armor
33:52 Elite Hearth Troop
34:53 Conscription
35:19 Masonry
35:46 Iron Casting
35:42 Hand Cart
35:46 Fletching
35:33 Shield Wall
36:04 Pikeman
37:07 Padded Archer Armor
38:21 Fortified Wall
38:35 Bloodlines
38:25 Husbandry
39:02 Bodkin Arrow
39:22 Leather Archer Armor
39:29 Ballistics
40:24 Bracer
41:38 Chemistry
41:20 Husbandry
DanMT
1:12 Loom
11:04 Feudal Age
12:44 Double-Bit Axe
12:51 Fletching
16:12 Horse Collar
18:17 Town Watch
23:24 Castle Age
22:09 Stone Mining
22:13 Gold Mining
24:09 Wheelbarrow
24:22 Bodkin Arrow
24:38 Bow Saw
26:08 Heavy Plow
31:23 Imperial Age
30:13 Masonry
32:37 Fortified Wall
34:17 Ballistics
34:30 Warwolf
38:24 Siege Engineers
38:57 Bracer
39:13 Padded Archer Armor
40:46 Chemistry
40:41 Yeomen
41:16 Leather Archer Armor
41:32 Architecture
42:03 Conscription
42:18 Hoardings
41:39 Treadmill Crane
43:10 Ring Archer Armor
44:26 Caravan
45:31 Murder Holes
47:25 Hand Cart
YoungPanda
11:17 Feudal Age
11:57 Double-Bit Axe
14:53 Castle Age
12:58 Horse Collar
17:09 Loom
21:21 Heavy Plow
22:33 Wheelbarrow
23:15 Fervor
28:51 Imperial Age
28:00 Chemistry
28:45 Hand Cart
28:30 Town Watch
31:15 Houfnice
33:05 Block Printing
33:06 Caravan
33:53 Siege Engineers
34:46 Redemption
38:49 Fortified Wall
Connection lost

Rejoining the realm…

Still unreachable

The connection could not be restored.

Session expired

The server has moved on; the page needs a fresh start.